[Event "Czech Championship 2022"]
[Site "Usti nad Labem"]
[Date "2022.05.21"]
[Round "8.18"]
[White "Hladky, Tadeas"]
[Black "Horak, Jiri"]
[Result "1/2-1/2"]
[ECO "C45"]
[WhiteElo "2119"]
[BlackElo "2161"]
[Annotator "TA"]
[PlyCount "146"]
[EventDate "2022.05.12"]
[EventType "swiss"]
[EventCountry "CZE"]
[SourceTitle "playchess.com"]
[Source "ChessBase"]
[SourceQuality "1"]
[TimeControl "40/5400+30:1800+30"]

1. e4 e5 2. Nf3 Nc6 3. d4 exd4 4. Nxd4 Bc5 5. Be3 Qf6 6. c3 Nge7 7. Bc4 Ne5 {[%emt 0:01:30] 7...0-0 might become the main line.} 8. Be2 d6 9. O-O {[%emt 0:00:56] C45: Scotch Game.} h5 (9... Qg6 $11 {keeps the balance.}) 10. Nb5 $16 O-O 11. Bxc5 {[%emt 0:02:07] White is better.} dxc5 12. Nxc7 Rb8 13. Bxh5 {[%emt 0:20:12] [#]} Qf4 $146 (13... Qb6 $142) ({Predecessor:} 13... g6 14. Be2 Kg7 15. f4 Rh8 16. g3 N5c6 17. Nd5 Qe6 18. Nxe7 Nxe7 19. Nd2 Bd7 20. Rf2 Rh6 21. Nf3 Bc6 22. Ng5 Qf6 23. e5 {1-0 (23) Yalcin,A (2027)-Feichtner,E (1873) Schweinfurt 2013}) 14. Nd5 (14. g3 $1 $16 Qxe4 15. Re1) 14... Nxd5 $14 15. Qxd5 (15. exd5 $16 {Black must now prevent g3.} Rd8 16. Na3) 15... Be6 $11 (15... Bg4 16. Bxg4 (16. g3 Nf3+ 17. Kg2 Nh4+ 18. gxh4 Qf3+ 19. Kg1 Bxh5 $11) 16... Nxg4 17. g3 $16 (17. Qh5 Rbe8 $11)) 16. Qd2 ({Don't blunder} 16. Qxc5 $2 Qg5 17. Qe3 Qxh5 $19) 16... Qxe4 17. Qe2 (17. Re1 {should be considered.} Qf5 18. Bd1) 17... Qf5 $36 {[%emt 0:02:23][%mdl 3072] Hoping for ...Bc4. Black has compensation. White is under pressure.} 18. f4 Nd3 19. g3 $2 (19. Bg4 $15 Qxg4 20. Qxd3) 19... c4 $19 20. Bf3 Rfe8 21. Qg2 Qb5 $2 (21... Qc5+ $19 22. Kh1 Bh3 $1 23. Qxh3 Nf2+ 24. Rxf2 Qxf2) 22. Na3 $15 Qb6+ (22... Qd7 $5 23. g4 Nxf4 $15) 23. Kh1 Qxb2 24. Qxb2 Nxb2 25. Rab1 Na4 26. Rfc1 Nc5 27. Nb5 Bf5 28. Nd6 ({White must play} 28. Ra1 $1 $15) 28... Bxb1 $19 29. Nxe8 Be4 ({Worse is} 29... Rxe8 30. Rxb1 a6 31. a4 $15 (31. Bxb7 Rb8 $17)) ({And not} 29... Bxa2 30. Nd6 $17) 30. Bxe4 Nxe4 {[%emt 0:00:20][%mdl 4096] Endgame KRN-KRN} 31. Nc7 Rd8 32. Nb5 {[%emt 0:00:46] [#]} (32. a4 $17) 32... a6 $1 33. Na3 b5 34. Nb1 {[%emt 0:00:16] Inhibits Rd2.} Rd3 35. Kg2 f5 36. Kf1 Nd2+ 37. Nxd2 Rxd2 {[%emt 0:00:05] KR-KR} 38. a4 Rxh2 {[%emt 0:00:36] aiming for ...Rh1+.} 39. Kg1 {[%emt 0:00:03] Prevents Rh1+.} Rb2 40. axb5 $2 (40. Kf1) 40... axb5 41. Rd1 Kf7 42. Rd5 g6 (42... b4 $142 43. cxb4 c3 44. Rxf5+ Ke6) 43. Rc5 Ke6 {[%emt 0:00:35] ...Kd6 is the strong threat.} 44. Kf1 Kd6 45. Re5 b4 46. cxb4 Rxb4 {[%emt 0:01:26] Strongly threatening ...c3.} 47. Ra5 {[%emt 0:01:15] [#]} Rb2 ({Better is} 47... Rb3 $1 $19 48. Kf2 Rd3 49. Ra6+ Kc5 50. Rxg6 c3) 48. Ke1 $1 $11 {[%emt 0:00:43] The position is equal.} Ke6 49. Rc5 Rg2 50. Rxc4 Rxg3 51. Kf2 Rd3 52. Rc6+ Rd6 53. Rc5 Kf6 54. Ra5 Kg7 55. Ra8 Rf6 56. Kf3 Rb6 57. Kf2 Rb3 58. Rc8 Rb6 59. Ra8 Kf6 60. Ra5 Ke6 61. Re5+ $1 Kd6 62. Ra5 Kc6 63. Re5 Kd6 64. Ra5 Rc6 65. Kf3 $1 Rc5 66. Ra6+ Kd5 67. Rxg6 Rc3+ 68. Kf2 Ke4 69. Ra6 $1 Kxf4 70. Ra4+ Kg5 71. Rb4 $1 Ra3 72. Rc4 Ra1 73. Rb4 Ra3 {[%emt 0:00:00] Black had all chances to win.  Weighted Error Value: White=0.43/Black=0.44} 1/2-1/2

[Event "Czech Championship 2022"]
[Site "Usti nad Labem"]
[Date "2022.05.21"]
[Round "8.19"]
[White "Sykora, Ondrej"]
[Black "Hrbek, Stepan"]
[Result "1/2-1/2"]
[ECO "B22"]
[WhiteElo "2092"]
[BlackElo "2303"]
[Annotator "TA"]
[PlyCount "98"]
[EventDate "2022.05.12"]
[EventType "swiss"]
[EventCountry "CZE"]
[SourceTitle "playchess.com"]
[Source "ChessBase"]
[SourceQuality "1"]
[TimeControl "40/5400+30:1800+30"]

1. e4 c5 2. c3 Nf6 3. f3 e5 4. c4 Nc6 5. Nc3 d6 6. d3 {[%emt 0:00:18] B22: Sicilian: 2 c3.} Be7 {[%emt 0:00:46] [#]} 7. g3 $146 ({Predecessor:} 7. Nge2 Nd4 8. Bg5 O-O 9. Ng3 Nd5 10. Nxd5 Bxg5 11. Be2 Be6 12. O-O Bxd5 {0-1 (12) Mora,S (1800)-Dialfonso,D (2000) FICGS email 2014}) 7... h5 8. h4 a6 9. Bh3 Rb8 10. Bxc8 Qxc8 11. Nd5 Nxd5 12. cxd5 Nd4 13. Be3 Qd7 14. Bxd4 (14. Kf2 {looks sharper.} f5 15. Kg2 fxe4 16. dxe4 O-O 17. Qd2) 14... cxd4 15. Rc1 (15. Kf1 $11) 15... Rc8 (15... f5 $15) 16. Rxc8+ $11 Qxc8 17. Rh2 g5 18. hxg5 Bxg5 19. Qc2 Qd7 20. g4 $2 (20. Ne2 $11) 20... Ke7 $1 $19 21. Qd1 Rc8 $1 22. Rc2 {[%emt 0:02:24] Against Rc1} Rg8 (22... Rxc2 $19 {is more deadly.} 23. Qxc2 hxg4) 23. Rg2 (23. gxh5 Be3 24. Rh2 Rxg1+ 25. Ke2 Qc8) (23. Kf1 $17 {was called for.}) 23... Be3 $1 24. Kf1 (24. Ne2 $142 hxg4 25. Ng3) 24... hxg4 25. Rxg4 Rh8 26. Kg2 {[%emt 0:04:49][%cal Bf1g2,Bg2h3,Bh3h4][%mdl 32] Prevents Rh1.} Rc8 {[%emt 0:00:45] White must now prevent ...Rc1.} 27. Ne2 {[%emt 0:01:23] Against Rc1} Qb5 $1 (27... Rh8 28. Ng3 $15) 28. b3 Qc5 29. Ng3 (29. f4 $142) 29... Bf4 (29... Qa3 $142 30. Qe2 Qc1) 30. Nf5+ Kf6 $2 (30... Kd7 $19 31. Kh3 Qc3) 31. Kh3 $11 Rh8+ 32. Rh4 $1 Rg8 {[%emt 0:00:03] Strongly threatening ...Qc3.} ({Much weaker is} 32... Qc8 33. Qe1 $11) 33. Rg4 {[%emt 0:01:02] Dancing on a razor blade.} Rh8+ 34. Rh4 $1 Rxh4+ (34... Rg8 $11) 35. Kxh4 {[%emt 0:09:33][%mdl 4096] Endgame Threatening mate with Qg1. KQB-KQN} Qc8 {[%emt 0:00:31] And now ...Qh8+ would win.} 36. Qe1 $1 Bg5+ 37. Kg4 Qg8 {[%emt 0:02:30] ( -> ...Bd2+)} 38. Qh1 $2 (38. Kh3 $1 $18) 38... Bf4+ (38... Bd2+ $11 {keeps the balance.} 39. Kh3 Qh8+ 40. Kg2 Qxh1+ 41. Kxh1 Bb4) 39. Kh3 $16 a5 (39... Bd2 $16 {might work better.}) 40. Qe1 $18 Qc8 $2 (40... Qf8 41. Qh4+ Bg5) 41. Qh4+ Bg5 42. Qh7 ({Less strong is} 42. Qg4 Qc1 $16) 42... Qf8 {[%emt 0:00:00] Prevents Qg7+.} 43. a4 Bc1 44. Kh4 Bg5+ 45. Kg4 $1 Bf4 $2 (45... Bc1 46. Qh4+ Kg6) 46. Nh4 $2 (46. Qh4+ $18 {is the precise move to win.} Kg6 47. Nxd4 $1 exd4 48. Kxf4) 46... Bc1 ({Black should try} 46... Qe8 47. Nf5 Qf8 48. Qh4+ Kg6 49. Nxd4 exd4) 47. Nf5 $2 (47. f4 $16 Bxf4 48. Nf5) 47... Bf4 48. Kh3 $2 (48. Qh4+ $18 Kg6 {[#]} 49. Nxd4 $1 exd4 50. Kxf4) 48... Bc1 $1 $16 49. Kg4 $2 {[%emt 0:00:00][%mdl 8192] 0x0.0024afd80bffdp-1022s more active pieces.} (49. Kg2 $16) 49... Bf4 $1 {[%emt 0:04:40][%mdl 32768] What a bad dream for Black.  Weighted Error Value: White=0.60/Black=0.46. An unexpected result.} 1/2-1/2

[Event "Czech Championship 2022"]
[Site "Usti nad Labem"]
[Date "2022.05.21"]
[Round "8.20"]
[White "Paulus, Vaclav"]
[Black "Nytra, Ondrej"]
[Result "1-0"]
[ECO "C94"]
[WhiteElo "2093"]
[BlackElo "2219"]
[Annotator "TA"]
[PlyCount "101"]
[EventDate "2022.05.12"]
[EventType "swiss"]
[EventCountry "CZE"]
[SourceTitle "playchess.com"]
[Source "ChessBase"]
[SourceQuality "1"]
[TimeControl "40/5400+30:1800+30"]

1. e4 e5 2. Nf3 Nc6 3. Bb5 a6 4. Ba4 Nf6 5. O-O Be7 6. Re1 b5 7. Bb3 d6 8. c3 O-O 9. h3 Nb8 10. d3 Bb7 {[%emt 0:01:37] C94: Closed Ruy Lopez: Breyer Variation with 10 d3.} 11. Nbd2 c5 12. Bc2 Re8 {[%emt 0:00:58] The position is equal.} 13. Nf1 Bf8 14. Ng3 g6 {[%emt 0:05:01] [#]} 15. a4 $146 ({Predecessor:} 15. Bb3 Bg7 16. Bg5 h6 17. Be3 Qc7 18. Qd2 Kh7 19. Bc2 Nbd7 20. Nh2 d5 21. exd5 Nxd5 {0-1 (40) Magnussen,P (1926)-Lenier,J (2121) Guernsey 2013}) 15... Bg7 16. Be3 Nbd7 17. b4 Qc7 18. Qb1 Bc6 (18... c4 $11) 19. a5 (19. Bb3 $14 {was preferrable.}) 19... Rac8 20. Bb3 cxb4 (20... Re7 $11) 21. cxb4 $14 d5 22. Qa2 Qd6 23. Rac1 Bb7 24. Rxc8 Rxc8 25. d4 (25. Bd2 $11) 25... Nxe4 $2 (25... exd4 $15 {keeps the upper hand.} 26. Bxd4 dxe4 27. Bxf6 (27. Bxf7+ Kh8 $15) 27... Bxf6) 26. Nxe4 $18 dxe4 {[%emt 0:00:05] [#]} 27. Bxf7+ (27. Ng5 $1 $18 ) 27... Kh8 $16 28. dxe5 (28. Nxe5 $16 Nxe5 29. dxe5 Qxb4 30. Rb1) 28... Nxe5 (28... Qxb4 $11 {keeps the balance.} 29. Rb1 Qf8) 29. Nxe5 Bxe5 30. Bc5 Rxc5 (30... Qc6 $16) 31. bxc5 $18 Qxc5 32. Qe6 (32. Qd2 $18) 32... b4 $2 (32... e3 $16 {is a better chance.} 33. Rd1 (33. fxe3 Qc3 $14) (33. Qe8+ Kg7 $15) 33... Bd4 34. Bxg6 (34. Qe8+ Kg7 $14) 34... exf2+ 35. Kf1 Bxg2+ 36. Kxg2 hxg6) 33. Rd1 {[%emt 0:02:06] White threatens Rd8+ and mate.} ({Less strong is} 33. Qe8+ Kg7 $16) 33... Kg7 {[%emt 0:02:00] [#]} 34. Bxg6 $1 hxg6 35. Qd7+ Kh6 36. Qxb7 {[%emt 0:00:08][%mdl 4096] Endgame KQR-KQB} e3 37. Qf3 exf2+ 38. Qxf2 Bh2+ 39. Kf1 Qc4+ 40. Qe2 Qf4+ {[%emt 0:00:06] [#]} 41. Qf3 $1 Qxf3+ $2 (41... Qc4+ 42. Kf2 Qa2+ 43. Ke3 Qb3+ 44. Ke2 Qc2+ 45. Rd2 Qc4+ 46. Qd3 Qc7) 42. gxf3 {[%emt 0:00:06] KR-KB} Bc7 43. Ra1 Kg5 44. Kf2 {[%emt 0:00:57] aiming for Rc1.} Kf4 $2 (44... b3 45. Rb1 Kh6) 45. Rc1 Bd6 46. Rc6 Ke5 47. Ke2 b3 48. Kd3 Bb4 49. Rxa6 {[%emt 0:00:30] Rb6 would kill now.} Kf4 50. Rf6+ Kg5 51. Rb6 {[%emt 0:00:13] Weighted Error Value: White=0.23 (precise) /Black=0.98} 1-0

[Event "Czech Championship 2022"]
[Site "Usti nad Labem"]
[Date "2022.05.21"]
[Round "8.21"]
[White "Bartos, Jan"]
[Black "Delgerdalai, Bayarjavkhlan"]
[Result "1-0"]
[ECO "E35"]
[WhiteElo "2125"]
[BlackElo "2119"]
[Annotator "TA"]
[PlyCount "87"]
[EventDate "2022.05.12"]
[EventType "swiss"]
[EventCountry "CZE"]
[SourceTitle "playchess.com"]
[Source "ChessBase"]
[SourceQuality "1"]
[TimeControl "40/5400+30:1800+30"]

1. d4 Nf6 2. c4 e6 3. Nc3 Bb4 4. Qc2 d5 5. cxd5 exd5 6. Bg5 h6 7. Bxf6 Qxf6 8. e3 O-O 9. a3 Bxc3+ 10. Qxc3 c6 11. Ne2 {[%emt 0:01:05] E35: Nimzo-Indian: Classical: 4...d5 5 cxd5 exd5.} Bf5 {[%emt 0:01:08] is currently scoring better than 11...Re8.} 12. Ng3 Bg6 {[%emt 0:03:55] [#]} 13. Bd3 $146 {[%emt 0:02:01] The position is equal.} ({Predecessor:} 13. Be2 Nd7 14. O-O Nb6 15. a4 Qd6 16. a5 Nc8 17. a6 b6 18. Rfc1 Ne7 19. Bd3 Bxd3 20. Qxd3 {½-½ (84) Enchev,I (2490)-Deac,B (2609) Skopje 2019}) 13... Nd7 14. O-O h5 15. Bxg6 Qxg6 16. Qb3 Rab8 17. Rac1 h4 18. Ne2 Nf6 (18... h3 19. Nf4 Qd6 20. Nxh3 $16 (20. gxh3 g5 $14)) 19. Qc2 Qg5 20. Nf4 g6 21. Qe2 Ne4 22. h3 Qh6 (22... a6 {seems wilder.} 23. Nd3 Rbe8 24. Qc2 Re7) 23. Nd3 f5 24. Nc5 Nxc5 25. Rxc5 Rbe8 26. Re1 f4 27. Rc3 Rf7 28. b4 Ref8 (28... Qg5 $11) 29. e4 $14 dxe4 30. Qxe4 Qh5 {[%emt 0:05:33] [#]} (30... Rf5 $14) 31. Rc5 $1 $16 Rf5 32. Qe6+ Kh8 (32... Kg7 $16) 33. Qe7 $18 Kg8 $2 (33... f3 {keeps fighting.} 34. Re4 R8f7 35. Qd8+ (35. Qxh4 Qxh4 36. Rxh4+ Kg7 $16) (35. Rxf5 Qxf5 36. Qd8+ Rf8 $16) 35... Rf8 36. Qxf8+ (36. Qxh4 Qxh4 37. Rxh4+ Kg7 $16) 36... Rxf8 37. Rxh5+ gxh5 38. Rxh4 fxg2 39. Rxh5+ Kg7) 34. Qxb7 f3 {[%emt 0:00:39] [#] ( -> ...Qg5)} 35. Rxf5 (35. Qxc6 Qg5 36. g4 hxg3 37. Qe6+ Kh8 38. Rxf5 gxf2+ 39. Kxf2 Qg2+ 40. Ke3 Rxf5 41. Qe8+ Kg7 42. Qe7+ Rf7 43. Qe5+ Kh7 $15) 35... gxf5 (35... Qxf5 36. Re7 (36. Qxc6 Qg5 $18) 36... Qf6) 36. Qxc6 fxg2 {[%emt 0:00:12][%mdl 4096] Endgame KQR-KQR} 37. Qe6+ Kh7 38. Qd7+ Kh8 (38... Rf7 $142 39. Re7 Rxe7 40. Qxe7+ Kg8 41. Kxg2 Qg6+ 42. Kf3 Qa6 43. Qg5+ Kf7 44. Qxf5+ Ke7 45. Qc5+ Kd7) 39. d5 {[%emt 0:01:29] And now d6 would win.} Qf3 40. Re8 $2 (40. Qe7 {mates} Kg8 41. Qg5+ Kh8 42. Qh6+ (42. Re7 Qd1+ 43. Kxg2 Rg8 $11) 42... Kg8 43. Qg6+ Kh8 44. Re7 Qd1+ 45. Kxg2) 40... Rxe8 41. Qxe8+ Kg7 42. Qe7+ Kg6 43. Qe6+ (43. Qxa7 {is a self mate.} Qxh3 44. Qa6+ Kg5 45. f4+ Kxf4 46. Qc4+ Kg5 47. Qc1+ f4 48. Qe1 Qh1+ 49. Kf2 Qxe1+ 50. Kxe1 g1=Q+ 51. Kd2 Qd4+ 52. Kc2 Qxd5 53. a4 f3 54. Kc3 f2 55. Kc2 f1=Q 56. Kb2 Qf2+ 57. Kc3 Qfd2#) (43. Qxh4 $142 {Strongly threatening Qg3+.} Qxd5 44. Qg3+ Kh5 45. Qe3) 43... Kh5 $2 (43... Kg7) 44. Qe8+ {[%emt 0:00:00] Weighted Error Value: White=0.53/Black=0.63} 1-0

[Event "Czech Championship 2022"]
[Site "Usti nad Labem"]
[Date "2022.05.21"]
[Round "8.22"]
[White "Ret, Adam Josef"]
[Black "Paseka, Matyas"]
[Result "0-1"]
[ECO "D02"]
[WhiteElo "2093"]
[BlackElo "2076"]
[Annotator "TA"]
[PlyCount "108"]
[EventDate "2022.05.12"]
[EventType "swiss"]
[EventCountry "CZE"]
[SourceTitle "playchess.com"]
[Source "ChessBase"]
[SourceQuality "1"]
[TimeControl "40/5400+30:1800+30"]

1. d4 Nf6 2. Nf3 g6 3. Nbd2 d5 4. e3 Bg7 5. b4 O-O 6. Be2 {[%emt 0:02:01] D02: 1 d4 d5 2 Nf3 sidelines, including 2...Nf6 3 g3 and 2...Nf6 3 Bf4.} Nbd7 7. c4 c6 8. O-O {[%emt 0:03:04] White has an edge.} Ne4 9. Bb2 {[%emt 0:02:49] Prevents Nc3.} Ndf6 10. Qb3 Bg4 {[%emt 0:05:09] [#] And now ...Nxd2 would win.} 11. Bd3 $146 ({Predecessor:} 11. Rfe1 Nxd2 12. Nxd2 Bxe2 13. Rxe2 Qd7 14. Rc1 a6 15. a4 Rac8 16. Ba3 b5 17. axb5 axb5 18. cxb5 cxb5 {0-1 (38) Khomeriki,N (2347)-Gromova,I (2241) St Petersburg 2018}) 11... a5 12. a3 a4 13. Qc2 Bf5 14. Rac1 Qd6 (14... b5 $11) 15. Rfd1 (15. Nh4 $14) 15... Bh6 16. Ne5 Nxd2 17. Qxd2 Ne4 18. Qe2 f6 19. Nf3 Bg4 20. h3 Bxf3 21. Qxf3 f5 {[%emt 0:00:09] aiming for ...f4.} 22. g3 {[%emt 0:01:19] Against f4} e6 23. Rc2 Rf7 24. h4 Raf8 25. Bc1 Rg7 26. Kf1 g5 27. hxg5 Rxg5 28. Ke2 Bg7 29. Bb2 Rf6 30. Qf4 (30. Rh1 $14) 30... Qf8 31. b5 Rh5 32. Rf1 Rh2 33. Ke1 Bh6 (33... Qd8 $11) 34. Qc7 $16 Rf7 35. Qe5 ({White should play} 35. Qa5 $16) 35... Bg7 $36 {[%emt 0:02:30][%mdl 2048] Black has good play.} 36. Qf4 ({Wrong is} 36. Qxe6 $2 Ng5 37. cxd5 Nxe6 $19) 36... Qd8 37. cxd5 (37. c5 $1 $11) 37... Qa5+ $2 (37... cxd5 $15 {keeps the upper hand.} 38. Kd1 Bf8) 38. Kd1 $16 cxd5 39. Bxe4 (39. g4 $16 Rg2 40. Qb8+ Bf8 41. Qc8) 39... fxe4 $11 {[%emt 0:01:35] Dancing on a razor blade.} 40. Rc8+ (40. Qb8+ $1 $11 {remains equal.} Bf8 41. Rc5 (41. Qe8 Re7 $17)) 40... Rf8 $17 41. Rxf8+ (41. Qd6 $17 Qxb5 42. Qxe6+ Kh8 43. Rxf8+ Bxf8 44. Qf6+ Kg8 45. Qe6+ Kh8 46. Qe5+ Kg8 47. Qe6+ Kg7 48. Qe5+ Kg8 49. Qe6+) 41... Bxf8 $19 42. Qg4+ {[%emt 0:01:00] [#]} Kf7 $1 43. Qe2 (43. Qf4+ $142 Ke7 44. Bc1 Qxb5 45. Qc7+ Ke8 46. Ke1) 43... Bd6 44. Rg1 Ke8 45. Qf1 {[%emt 0:00:00] [#]} (45. Kc2 $142) 45... Bxa3 $1 46. Bxa3 {[%emt 0:00:00] Threatens to win with Kc2.} Qc3 47. Bc1 (47. b6 Qxa3 48. Qb5+ Ke7 49. Rf1) 47... Qb3+ 48. Ke1 Qc2 49. Bd2 {[%emt 0:00:36] [#]} a3 $1 {[%emt 0:00:00] Black mates.} 50. b6 Qb1+ 51. Ke2 Qd3+ 52. Ke1 a2 53. Qxd3 a1=Q+ 54. Ke2 exd3+ {[%emt 0:00:00] Weighted Error Value: White=0.47/Black=0.21 (precise)} 0-1

[Event "Czech Championship 2022"]
[Site "Usti nad Labem"]
[Date "2022.05.21"]
[Round "8.24"]
[White "Jirasko, Miroslav"]
[Black "Horak, Martin"]
[Result "1-0"]
[ECO "A28"]
[WhiteElo "2091"]
[BlackElo "2343"]
[Annotator "TA"]
[PlyCount "85"]
[EventDate "2022.05.12"]
[EventType "swiss"]
[EventCountry "CZE"]
[SourceTitle "playchess.com"]
[Source "ChessBase"]
[SourceQuality "1"]
[TimeControl "40/5400+30:1800+30"]

1. c4 e5 2. Nc3 Nf6 3. Nf3 Nc6 4. e3 Bb4 5. Qc2 Bxc3 6. Qxc3 Qe7 7. d3 {[%emt 0:01:54] 7.d4 is setting a new trend.} d5 {[%emt 0:01:35] A28: English Opening: Four Knights Variation.} 8. cxd5 Nxd5 9. Qc2 (9. Qb3 $11 {remains equal.} Be6 10. a3 (10. Qxb7 Qb4+ 11. Qxb4 Ndxb4 $11)) 9... Bf5 {[%emt 0:05:11] [#]} (9... e4 $17 10. dxe4 Ndb4) 10. e4 $146 ({Predecessor:} 10. a3 e4 11. dxe4 Bxe4 12. Bd3 Bxf3 13. gxf3 O-O-O 14. Kf1 Kb8 15. Be4 Rhe8 16. Bd2 {1-0 (44) Lerner,K (2524)-Cohen,O (2221) Givataim 2007}) 10... Ndb4 $1 11. Qc3 {[%emt 0:04:35] a3 is the strong threat.} Bg4 {[%emt 0:01:08] Strongly threatening ...Bxf3.} 12. a3 Na6 13. Be2 Bxf3 14. Bxf3 Nd4 15. Bd1 O-O 16. O-O Nc5 17. Kh1 Rad8 18. Be3 c6 19. g3 Nce6 20. f4 exf4 21. gxf4 f5 22. b4 (22. exf5 $11 {keeps the balance.} Rxf5 23. Bg4) 22... Kh8 (22... fxe4 {keeps more tension.} 23. Bg4 exd3 24. Qxd3 Qh4) 23. Ra2 {[%emt 0:01:25] [#]} (23. Qe1 $15) 23... Qh4 (23... fxe4 $1 $17 24. Rd2 exd3 25. Rxd3 c5 26. bxc5 Nb5) 24. Rg2 $11 Rd7 25. Qc4 Qh3 26. exf5 Nxf5 {[%emt 0:02:41] Pair of Knights!} (26... Qxe3 27. Rg3 Qd2 28. fxe6 $16) 27. Bc5 (27. Bf2 $1 $15) 27... Ne3 $2 (27... Ng3+ 28. Rxg3 Qxf1+ 29. Rg1 Qxf4 30. Qxe6 $16) (27... Nxc5 $17 {and life is bright.} 28. Qxc5 Rdf7) 28. Bxe3 $18 Qxe3 29. Bg4 {[%emt 0:03:43] Threatens to win with Rf3.} Rxf4 $2 (29... Qxd3 {is a better defense.} 30. Bxe6 Qxc4 31. Bxc4 Rd4) 30. Rxf4 Nxf4 31. Bxd7 {[%emt 0:00:14][%cal Oc4f7] White wants to mate with Qf7!} Nxg2 {[%emt 0:00:08][%mdl 4096] Endgame KQB-KQN} 32. Qf7 {[%emt 0:03:47][%cal Rf7f8][%mdl 64] [#] Against Qf3. Zwischenzug} ({Less strong is} 32. Kxg2 Qe2+ 33. Kg3 Qe1+ 34. Kf4 Qe2 $18) 32... Qe1+ 33. Kxg2 Qd2+ 34. Qf2 Qg5+ 35. Qg3 Qd2+ 36. Qf2 $2 (36. Kh3 $18 Qh6+ 37. Kg4 Qg6+ 38. Kf4 Qf7+ 39. Ke3 (39. Bf5 g6 $11) 39... Qe7+ 40. Kd2) 36... Qg5+ $16 37. Kh3 (37. Kf1 $16 Qc1+ 38. Kg2 Qg5+) 37... Qh6+ $2 ({Black should try} 37... Qh5+ $14 38. Kg2 Qg5+) 38. Kg3 $2 (38. Qh4 $18 {and the rest is easy.}) 38... Qd6+ (38... Qg6+ $16 {is more resistant.} 39. Kf3 (39. Kh4 Qh6+ 40. Kg4 Qg6+ 41. Kh3 Qxd3+ 42. Kg2 Qd5+ 43. Qf3 Qg5+ 44. Kf2 Qd2+ 45. Kg3 Qd6+ 46. Qf4 Qd3+ 47. Kg2 Qd5+ 48. Kf2 Qa2+ 49. Kf1 Qb1+ 50. Kg2 Qa2+ 51. Qf2 Qd5+ 52. Qf3 Qg5+ 53. Kf2 Qd2+ 54. Kf1 Qc1+ 55. Kg2 Qd2+ 56. Kg3 Qd6+ 57. Qf4 Qd3+ 58. Kg2 Qd5+ 59. Qf3 $18) 39... Qxd3+ 40. Kg2 Qd5+ 41. Qf3 Qg5+ 42. Kf2 Qd2+ 43. Kg3 Qd6+ 44. Qf4 Qd3+ 45. Kg2 Qd5+ 46. Qf3 Qg5+ 47. Kf2 Qd2+ 48. Kg3 Qd6+ 49. Qf4 Qd3+ 50. Kg2 Qd5+ 51. Kf2 Kg8) 39. Kg2 $18 Qd5+ 40. Qf3 {[%emt 0:00:27] White is clearly winning.} Qg5+ 41. Bg4 h5 (41... Kg8 $142 42. h4 Qg6) 42. Qf8+ Kh7 43. Qf5+ {[%emt 0:00:03] Weighted Error Value: White=0.73/Black=0.81} 1-0

[Event "Czech Championship 2022"]
[Site "Usti nad Labem"]
[Date "2022.05.22"]
[Round "9.1"]
[White "Stocek, Jiri"]
[Black "Navara, David"]
[Result "1/2-1/2"]
[ECO "E20"]
[WhiteElo "2533"]
[BlackElo "2682"]
[Annotator "TA"]
[PlyCount "57"]
[EventDate "2022.05.12"]
[EventType "swiss"]
[EventCountry "CZE"]
[SourceTitle "playchess.com"]
[Source "ChessBase"]
[SourceQuality "1"]
[TimeControl "40/5400+30:1800+30"]

1. d4 Nf6 2. Nf3 d5 3. c4 e6 4. Nc3 Bb4 5. g3 dxc4 6. Bg2 Nc6 7. O-O O-O 8. Qa4 {[%emt 0:01:27] E20: Nimzo-Indian: 4 g3 and 4 f3.} Nd5 9. Qc2 Be7 10. Rd1 Rb8 11. e4 Ncb4 12. Qd2 Nxc3 13. Qxc3 b5 14. Ne1 Bb7 15. Be3 Qc8 {[%emt 0:15:42] [#]} 16. d5 $146 (16. b3 $11 {keeps the balance.}) ({Predecessor:} 16. a3 Na6 17. a4 Bb4 18. Qc1 c6 19. Nc2 Be7 20. h4 Re8 21. h5 h6 22. Bh3 {½-½ (98) Narciso Dublan,M (2492)-Studer,N (2582) Barbera del Valles 2020}) 16... exd5 $17 17. a3 Na6 18. exd5 Nc5 19. Bd4 {[%emt 0:00:59] Strongly threatening Qe3.} Re8 20. Bxg7 {[%emt 0:06:57] [#]} Na4 $1 21. Qd4 {[%emt 0:00:38] [#]} Bc5 (21... Qf5 $1 $17 {Threatens to win with ...Bc5.} 22. Nf3 Nc5) 22. Qf4 $11 {[%emt 0:01:05] The position is equal.} Kxg7 23. Qg5+ Kh8 24. Qf6+ Kg8 25. Qg5+ Kf8 {[%emt 0:03:28] White must now prevent ...Qd8.} 26. Qh6+ Kg8 27. Qg5+ Kh8 28. Qf6+ Kg8 29. Qg5+ {Weighted Error Value: White=0.12 (very precise) /Black=0.07 (flawless)} 1/2-1/2

[Event "Czech Championship 2022"]
[Site "Usti nad Labem"]
[Date "2022.05.22"]
[Round "9.2"]
[White "Kraus, Tomas"]
[Black "Babula, Vlastimil"]
[Result "1/2-1/2"]
[ECO "B40"]
[WhiteElo "2472"]
[BlackElo "2576"]
[Annotator "TA"]
[PlyCount "76"]
[EventDate "2022.05.12"]
[EventType "swiss"]
[EventCountry "CZE"]
[SourceTitle "playchess.com"]
[Source "ChessBase"]
[SourceQuality "1"]
[TimeControl "40/5400+30:1800+30"]

1. e4 c5 2. Nf3 e6 3. c3 d5 4. e5 d4 5. Bd3 Bd7 6. Be4 {[%emt 0:09:46] B40: Sicilian: 2...e6, Unusual lines.} Bc6 7. Qe2 Bxe4 8. Qxe4 Nc6 9. O-O {[%emt 0:04:59] [#]} Qd7 $146 ({Predecessor:} 9... Nge7 10. c4 h6 11. d3 g5 12. h4 Bg7 13. h5 Nc8 14. b4 Nxb4 15. Ba3 Qc7 16. Bxb4 cxb4 {1-0 (68) Kamsky,G (2729)-Svidler,P (2727) Dresden 2008}) 10. Re1 Nge7 11. Na3 O-O-O 12. b3 (12. Rb1 {is superior.}) 12... h5 13. Bb2 dxc3 14. dxc3 Nf5 (14... Ng6 $1 $11) 15. Qe2 ({White should try} 15. Ng5 $14) 15... Be7 16. Rad1 {[%emt 0:00:36] Inhibits Qd3.} Qc7 17. Bc1 Rxd1 18. Rxd1 Rd8 19. Rxd8+ Qxd8 20. Nc4 g5 21. a4 g4 22. Ne1 (22. Nfd2 {is more complex.} Qd5 23. h3 Nh4 24. f4) 22... Na5 23. Nxa5 Qxa5 24. Qc4 a6 25. Nd3 (25. h3 $15) 25... Kb8 (25... b5 $17 26. Qe4 Kc7 27. axb5 axb5) 26. Bd2 b5 27. axb5 axb5 28. Qe4 Qa2 (28... Kc7 $15 29. Qe1 Qa2) 29. Be1 $2 {[%emt 0:01:07] [#]} (29. Qc6 $1 $11 {and White stays safe.}) 29... Qxb3 $19 30. Qc6 c4 $2 (30... Qb1 $19 31. Qb6+ Kc8 32. Qc6+ Kd8 33. Qa8+ Kd7) 31. Qb6+ (31. Nb4 $11 {remains equal.} Bxb4 32. cxb4 (32. Qxb5+ Ka7 $11)) 31... Kc8 $17 32. Qc6+ Kd8 33. Qa8+ Kd7 {[%emt 0:00:18] [#] Hoping for ...Qb1.} 34. Qb7+ Ke8 $1 35. Qb8+ Kd7 36. Qb7+ Ke8 37. Qb8+ $1 ({Much weaker is} 37. Qc8+ Bd8 38. Qc6+ (38. Nc5 $2 Qd1 $19) 38... Kf8 $15) 37... Kd7 ({Better is} 37... Bd8 $17 38. Nc5 Qd1) 38. Qb7+ $11 Ke8 {[%emt 0:00:05] Weighted Error Value: White=0.24 (precise) /Black=0.26 (precise)} 1/2-1/2